 Dungeon Crawl Stone Soup version 0.32-a0-872-g59262bdc9b (webtiles) character file.

Game seed: 3994340453183510704

8 601d51SH the Slasher (level 2, -1/25 HPs)
             Began as a Minotaur Gladiator on Mar 30, 2024.
             Slain by a dart slug (2 damage)
             ... on level 1 of the Dungeon.
             The game lasted 00:00:47 (151 turns).

601d51SH the Slasher (Minotaur Gladiator)            Turns: 151, Time: 00:00:47

Health: -1/25      AC:  3    Str: 18    XL:     2   Next: 0%
Magic:  1/1        EV: 11    Int:  5    God:
Gold:   18         SH:  0    Dex: 11    Spells: 1/1 levels left

rFire   . . .        a - +0 long sword
rCold   . . .        (no shield)
rNeg    . . .        b - +0 leather armour
rPois   .            c - +0 hat
rElec   .            (no cloak)
rCorr   .            (no gloves)
SInv    .            (no boots)
Will    .....        (no amulet)
Stlth   +            (no ring)
HPRegen 0.24/turn    (no ring)
MPRegen 0.07/turn

%: no passive effects
@: no status effects
A: horns 2, retaliatory headbutt
a: no special abilities


You were on level 1 of the Dungeon.
You visited 1 branch of the dungeon, and saw 1 of its levels.

You collected 18 gold pieces.

Inventory:

Hand Weapons
 a - a +0 long sword (weapon)
 g - a +0 whip of draining
Missiles
 d - 3 throwing nets (quivered)
 e - a javelin
Armour
 b - a +0 leather armour (worn)
 c - a +0 hat (worn)
Scrolls
 f - a scroll of immolation {unknown}
 h - a scroll of teleportation {unknown}


   Skills:
 + Level 2.6 Fighting
 + Level 4.0 Long Blades
 + Level 2.0 Throwing
 + Level 3.4 Dodging


You had one spell level left.
You didn't know any spells.
Your spell library was empty.

Dungeon Overview and Level Annotations

Branches:
Dungeon (1/15)

Altars:


Innate Abilities, Weirdness & Mutations

You have a pair of horns on your head.
You reflexively headbutt those who attack you in melee.


Message History

The dart slug launches a dart at you. The slug dart hits you.
The giant cockroach bites you but does no damage.
The kobold barely misses you.
You barely miss the kobold.
The kobold is severely wounded.
The giant cockroach barely misses you. The kobold closely misses you.
You barely miss the kobold.
The kobold is severely wounded.
The giant cockroach bites you but does no damage.
The kobold hits you but does no damage. The dart slug launches a dart at you.
The slug dart misses you. The giant cockroach bites you.
You closely miss the kobold. You headbutt the kobold.
You kill the kobold!
The giant cockroach misses you. The dart slug launches a dart at you.
The slug dart hits you.
Your Long Blades skill increases to level 4!
The giant cockroach bites you but does no damage.
Things that are here:
a +0 whip; a kobold corpse You closely miss the giant cockroach.
The giant cockroach bites you but does no damage.
The dart slug launches a dart at you. The slug dart hits you.
* * * LOW HITPOINT WARNING * * *
The giant cockroach bites you but does no damage.
You closely miss the giant cockroach. The giant cockroach bites you.
* * * LOW HITPOINT WARNING * * *
You slash the giant cockroach!
You kill the giant cockroach!
The dart slug bites you.
* * * LOW HITPOINT WARNING * * *
Your life force feels restored.
You have reached level 2!
You hit the dart slug.
The dart slug is lightly wounded.
The dart slug bites you.
You die...

#.#.....................
#.#.#################.#.
#.#.#.........# .#
#.#...........#
###.###.#########
...............# .
......#.######†######...
......#.# #....†.....#
......#.# #....@.....#
....#.#.# #....w.....#
....#.#.# #..........#
)...#.#.# #..........#
###.#.#.# #..........#
... ............# ..
###..........#
#.#.########


You could see a dart slug.

Vanquished Creatures
  A bat (D:1)
  2 giant cockroaches (D:1)
  3 kobolds (D:1)
  A rat (D:1)
7 creatures vanquished.

Notes
Turn   | Place    | Note
-------+----------+-------------------------------------------
     0 | D:1      | 601d51SH the Minotaur Gladiator began the quest for the
                  | Orb.
     0 | D:1      | Reached XP level 1. HP: 18/18 MP: 0/0
   147 | D:1      | Reached skill level 4 in Long Blades
   151 | D:1      | Reached XP level 2. HP: 1/25 MP: 1/1
   151 | D:1      | Slain by a dart slug

Illustrated notes

Levels and vault maps discovered:
D:1:      minmay_arrival_glassed_features, layout_basic

Skill      XL: |  1 |
---------------+----+-----
Long Blades    | 4 |  4.0
Fighting       | |  2.6
Throwing       | |  2.0
Dodging        | |  3.4

Action                     || total
---------------------------++-------
  Melee: Long sword        ||    17
         Headbutt          ||     1
 Armour: Leather armour    ||    19
  Dodge: Dodged            ||    12

Table legend: (Time is in decaauts)
 A = Elapsed time spent in this place.
 B = Non-inter-level travel time spent in this place.
 C = Inter-level travel time spent in this place.
 D = Time resting spent in this place.
 E = Time spent auto-exploring this place.
 F = Levels seen in this place.
 G = Mean time per level.
                   A        B        C        D        E       F      G
               +--------+--------+--------+--------+--------+-----+--------+
         Total |    154 |    154 |      0 |      0 |     65 |   1 |  154.0 |
       Dungeon |    154 |    154 |      0 |      0 |     65 |   1 |  154.0 |
               +--------+--------+--------+--------+--------+-----+--------+

Top non-repeatable levels by time:
     D:1: 154 daAuts
